[Event "*** Titled Tuesday 3|2 Blitz"]
[Site "Chess.com"]
[Date "2016.10.04"]
[Round "5"]
[White "LyonBeast"]
[Black "mwpchess"]
[Result "1/2-1/2"]
[WhiteElo "2721"]
[BlackElo "2469"]
[TimeControl "180+2"]
[EndTime "11:59:06 PDT"]
[Termination "Game drawn by repetition"]

1. e4 c6 2. d4 d5 3. e5 Bf5 4. h4 h5 5. c4 e6 6. Nc3 Ne7 7. Nge2 Nd7 8. Bg5 Bg4 9. Qb3 Qb6 10.
c5 Qxb3 11. axb3 a6 12. b4 Bxe2 13. Bxe2 Rc8 14. Bxe7 Bxe7 15. g3 g6 16. f4 f5 17.
exf6 Bxf6 18. Rd1 Kf7 19. Kf2 Bg7 20. Rhe1 Nf6 21. Bf1 Rhe8 22. Bh3 Rc7 23. Kf3 Rce7 24. Re3 Ng8 25. Ne2 Nh6 26. Ra1 Nf5 27. Bxf5 exf5 28. Rxe7+ Rxe7 29. Rd1 Re4 30. Rd3 Bf6 31. Rd1 Ke7 32.
Rd3 Kd7 33. Rd1 Kc7 34. Rd3 Kc8 35. Rd1 Kc7 36. Rd3 Kc8 37. Rd1 Kc7 38. Rd3 Kc8 39. Rd1 Kc7 40. Rd3 Kc8 1/2-1/2

[Event "*** Titled Tuesday 3|2 Blitz"]
[Site "Chess.com"]
[Date "2016.10.04"]
[Round "5"]
[White "oskariot"]
[Black "Er_is_geen_hoop_meer"]
[Result "1-0"]
[WhiteElo "2380"]
[BlackElo "2276"]
[TimeControl "180+2"]
[EndTime "11:59:19 PDT"]
[Termination "oskariot won by resignation"]

1. Nf3 Nf6 2. c4 g6 3. b4 Bg7 4. Bb2 O-O 5. e3 d6 6. Qc2 e5 7. d3 Re8 8. Nbd2 a5 9. a3 Bf5 10. Be2 e4 11. Bxf6 Bxf6 12. Rb1 axb4 13. dxe4 bxa3 14. exf5 a2 15. O-O axb1=Q 16. Rxb1 Nd7 17. g4 Nc5 18. Kg2 Qe7 19. Rh1 Ra3 20. h4 Rea8 21. g5 Be5 22. f6 Qe6 23. Nxe5 Qxe5 24. Nf3 Qe6 25. Nd4 Qe5 26. Nf3 Qe8 27. h5 Ra2 28. Qd1 Qe4 29. hxg6 hxg6 30. Rh4 Qf5 31. Qh1 1-0

[Event "*** Titled Tuesday 3|2 Blitz"]
[Site "Chess.com"]
[Date "2016.10.04"]
[Round "5"]
[White "Mugzyyy"]
[Black "pastouche06"]
[Result "1-0"]
[WhiteElo "2484"]
[BlackElo "2344"]
[TimeControl "180+2"]
[EndTime "11:59:19 PDT"]
[Termination "Mugzyyy won by resignation"]

1. d4 Nf6 2. h3 d5 3. g4 h6 4.
Nc3 e6 5. Bf4 a6 6. e3 c5 7. Nf3 Nc6 8. Qe2 Bd6 9. O-O-O cxd4 10. Bxd6 dxc3 11. Ba3 cxb2+ 12. Bxb2 O-O 13. g5 hxg5 14.
Nxg5 e5 15. Rg1 Bf5 16. f4 exf4 17. e4 Bg6 18. e5 Ne4 19. Nxe4 Bxe4 20. Qg4 g6 21. e6 f6 22. Bd3 Bxd3 23. Rxd3 Ne7 24. Qxf4 Kg7 25. Rf3 Nc6 26. Rxg6+ Kxg6 27. Rg3+ 1-0

[Event "*** Titled Tuesday 3|2 Blitz"]
[Site "Chess.com"]
[Date "2016.10.04"]
[Round "5"]
[White "Iball95"]
[Black "Schemato"]
[Result "1-0"]
[WhiteElo "2517"]
[BlackElo "2311"]
[TimeControl "180+2"]
[EndTime "11:59:23 PDT"]
[Termination "Iball95 won by checkmate"]

1. d4 e6 2. c4 f5 3. Nc3 Nf6 4. e3 Bb4 5. Ne2 b6 6. a3 Bxc3+ 7. Nxc3 Bb7 8. f3 O-O 9. Bd3 d6 10. O-O Nbd7 11. b4 Qe7 12. Bb2 Rad8 13. Qc2 c5 14.
Rae1 Qf7 15. Nb5 Qe7 16. Nxa7 g6 17. Nb5 e5 18. bxc5 bxc5 19. d5 Ra8 20. f4 e4 21. Be2 h5 22. Nc7 Ra7 23. Ne6 Rb8 24.
Qc3 Ba6 25. Bd1 Rab7 26. Rf2 Kh7 27. h3 Kh6 28. Ba4 Nh7 29. Qg7+ Qxg7 30. Bxg7# 1-0

[Event "*** Titled Tuesday 3|2 Blitz"]
[Site "Chess.com"]
[Date "2016.10.04"]
[Round "5"]
[White "Lukianoo"]
[Black "LuckyTiger"]
[Result "1-0"]
[WhiteElo "2737"]
[BlackElo "2580"]
[TimeControl "180+2"]
[EndTime "12:00:18 PDT"]
[Termination "Lukianoo won by resignation"]

1. e4 c5 2. b3 Nc6 3. Bb2 d6 4. Bb5 Bd7 5. f4 Nf6 6. d3 Qa5+ 7. Nc3 d5 8. exd5 Nxd5 9. Qd2 Nc7 10. a4 a6 11. Bxc6 Bxc6 12. Nf3 Bxf3 13. gxf3 e6 14. Rg1 O-O-O 15. O-O-O Qb4 16. f5 exf5 17. Qg5 g6 18. Na2 Qa5 19. Bxh8 Ne6 20. Qe3 c4 21. Bc3 Qc7 22.
dxc4 Bc5 23. Qe5 Bxg1 24. Qxc7+ Kxc7 25. Rxg1 Nf4 26. Be5+ 1-0

[Event "*** Titled Tuesday 3|2 Blitz"]
[Site "Chess.com"]
[Date "2016.10.04"]
[Round "5"]
[White "maciek_92"]
[Black "Lupul_Cenusiu"]
[Result "1-0"]
[WhiteElo "2599"]
[BlackElo "2380"]
[TimeControl "180+2"]
[EndTime "12:00:20 PDT"]
[Termination "maciek_92 won by resignation"]

1. c4 Nf6 2. g3 e5 3. Bg2 Nc6 4. Nc3 Bc5 5. e3 O-O 6. Nge2 d6 7. O-O a6 8. h3 Re8 9. d4 Ba7 10. g4 exd4 11. exd4 Ne7 12. Bg5 Kh8 13. Qd2 Neg8 14. Ng3 h6 15. Bf4 c6 16. Rfe1 Be6 17. d5 cxd5 18. cxd5 Bd7 19. Nge4 Nxe4 20. Nxe4 f5 21.
Nxd6 Rxe1+ 22. Rxe1 Qf8 23. gxf5 Bxf5 24. Nxf5 Qxf5 25. d6 Nf6 26. Re7 Rd8 27. Rxb7 Bc5 28. b4 Bxd6 29. Bxd6 Ne8 30. Rb8 1-0

[Event "*** Titled Tuesday 3|2 Blitz"]
[Site "Chess.com"]
[Date "2016.10.04"]
[Round "5"]
[White "FearNoEvil12"]
[Black "GMNeiksans"]
[Result "0-1"]
[WhiteElo "2060"]
[BlackElo "2639"]
[TimeControl "180+2"]
[EndTime "12:00:22 PDT"]
[Termination "GMNeiksans won on time"]

1. e4 c5 2. Nc3 Nc6 3. f4 e6 4. Nf3 a6 5. d4 cxd4 6. Nxd4 Nxd4 7. Qxd4 b5 8. Be3 Bb7 9. O-O-O Rc8 10. e5 Ne7 11.
Qd2 Nf5 12. Bf2 Bb4 13. Bd3 Bxc3 14. bxc3 Ne7 15. f5 Nd5 16. Bd4 Qa5 17. Qg5 Nxc3 18.
Bxc3 Qxc3 19. Qxg7 Rf8 20. Rhf1 Bd5 21. Qxh7 Bxa2 22.
fxe6 dxe6 23. Bg6 Rc7 24. Qh4 Qa3+ 25. Kd2 Bc4 0-1

[Event "*** Titled Tuesday 3|2 Blitz"]
[Site "Chess.com"]
[Date "2016.10.04"]
[Round "5"]
[White "FrankieJay"]
[Black "Carolina-moon"]
[Result "0-1"]
[WhiteElo "2185"]
[BlackElo "2162"]
[TimeControl "180+2"]
[EndTime "12:00:26 PDT"]
[Termination "Carolina-moon won by resignation"]

1. e4 c5 2. Nf3 d6 3. d4 Nf6 4.
Nc3 cxd4 5. Nxd4 a6 6. Bg5 e6 7. f4 Be7 8. Qf3 Qc7 9. O-O-O Nbd7 10. g4 b5 11. Bxf6 Bxf6 12. g5 Bxd4 13. Rxd4 Bb7 14. Bxb5 axb5 15. Nxb5 Qb6 16. Nxd6+ Ke7 17. Rhd1 Rxa2 18.
Nf5+ Ke8 19. Nd6+ Ke7 20. Nf5+ Ke8 21. Nd6+ Kf8 22. Qc3 Ra1+ 23. Kd2 Rxd1+ 24. Kxd1 Ke7 25. Qa3 Qxd4+ 0-1

[Event "*** Titled Tuesday 3|2 Blitz"]
[Site "Chess.com"]
[Date "2016.10.04"]
[Round "5"]
[White "cassoulet"]
[Black "ka1ser64"]
[Result "1-0"]
[WhiteElo "2311"]
[BlackElo "2337"]
[TimeControl "180+2"]
[EndTime "12:00:29 PDT"]
[Termination "cassoulet won on time"]

1. e4 e6 2. d4 d5 3. Nc3 Nc6 4. Nf3 Nf6 5. e5 Ne4 6. Bb5 Bb4 7. Bd2 Nxd2 8. Qxd2 O-O 9. a3 Be7 10.
O-O f6 11. Rfe1 fxe5 12. Bxc6 e4 13. Nxe4 bxc6 14. Ng3 c5 15. c3 Rb8 16. Re3 Rb6 17. b4 cxd4 18. cxd4 Ba6 19. Rae1 Qd6 20. Qc2 Bc4 21.
Ne5 Bb5 22. Nh5 Be8 23. Ng3 a5 24. bxa5 Ra6 25. Nd3 Qxa3 26. Nc5 Bxc5 27. Rxa3 Bxa3 28. Qxc7 Bb4 29. Ra1 h6 30. h3 Bd6 31. Qb7 1-0

[Event "*** Titled Tuesday 3|2 Blitz"]
[Site "Chess.com"]
[Date "2016.10.04"]
[Round "5"]
[White "wannabe2700"]
[Black "Scott-fox21"]
[Result "1-0"]
[WhiteElo "2304"]
[BlackElo "2156"]
[TimeControl "180+2"]
[EndTime "12:00:42 PDT"]
[Termination "wannabe2700 won by resignation"]

1. e4 c5 2. Nf3 d6 3. d4 cxd4 4. Nxd4 Nf6 5. Nc3 Nc6 6. Bg5 e6 7. Qd2 a6 8. O-O-O Bd7 9. f4 h6 10. Bxf6 Qxf6 11. e5 dxe5 12. Ndb5 Qd8 13. Nd6+ Bxd6 14.
Qxd6 exf4 15. Ne4 Qe7 16. Qc7 O-O 17. Rxd7 Qb4 18. Bd3 Rfc8 19. Qxb7 Qxb7 20. Rxb7 Ne5 21. Kb1 f5 22. Nd6 Rc6 23. Nxf5 exf5 24. Bxf5 Rd8 25.
b3 Nf7 26. Bd3 Ne5 27. Be4 Rcd6 28. Kb2 R8d7 29. Rb4 Rd4 30. Rb8+ Rd8 31. Rxd8+ Rxd8 32. Re1 g5 33. Bf5 Nf7 34. Re6 Kg7 35. Rg6+ Kf8 36.
Rxa6 Rd6 37. Rxd6 Nxd6 38. Bd3 Ke7 39. c4 Kd7 40. c5 Nb7 41. b4 Nd8 42. Kc3 Ne6 43.
Bf5 Ke7 44. Bxe6 Kxe6 45. Kd4 h5 46. Ke4 Kd7 47. Kf5 1-0

[Event "*** Titled Tuesday 3|2 Blitz"]
[Site "Chess.com"]
[Date "2016.10.04"]
[Round "5"]
[White "Sanan_Sjugirov"]
[Black "Rumpel-VK"]
[Result "0-1"]
[WhiteElo "2682"]
[BlackElo "2480"]
[TimeControl "180+2"]
[EndTime "12:00:48 PDT"]
[Termination "Rumpel-VK won on time"]

1. d4 Nf6 2. Nf3 e6 3. Bg5 Be7 4. Nbd2 d5 5. e3 O-O 6. Bd3 Nbd7 7. c3 h6 8. Bh4 c5 9. Qe2 b6 10. h3 Qc7 11. g4 e5 12. dxe5 Nxe5 13. Nxe5 Qxe5 14.
g5 Ne4 15. Nf3 Qe6 16. gxh6 Bxh4 17. Nxh4 Qxh6 18. Ng2 Qf6 19. Bxe4 dxe4 20. Nf4 a5 21.
O-O-O Ba6 22. Qg4 Rad8 23. Rhg1 Rxd1+ 24. Rxd1 Rd8 25. Rxd8+ Qxd8 26. h4 a4 27. a3 Bc4 28.
h5 Kf8 29. h6 gxh6 0-1

[Event "*** Titled Tuesday 3|2 Blitz"]
[Site "Chess.com"]
[Date "2016.10.04"]
[Round "5"]
[White "MyleneFarmer"]
[Black "Kouzari"]
[Result "1-0"]
[WhiteElo "2314"]
[BlackElo "2422"]
[TimeControl "180+2"]
[EndTime "12:00:56 PDT"]
[Termination "MyleneFarmer won by resignation"]

1. e4 c5 2. Nf3 b6 3. d4 cxd4 4.
Nxd4 Bb7 5. Nc3 d6 6. g3 Nd7 7.
Bg2 e6 8. O-O Be7 9. Re1 a6 10.
a4 Qc7 11. a5 bxa5 12. Nb3 Rc8 13. Nxa5 Ba8 14. Nb3 Bb7 15. Na5 Ba8 16. Nb3 Bb7 17. Na5 Ba8 18. Nb3 Nb8 19. Bf4 e5 20. Be3 Nf6 21.
Bg5 O-O 22. Nd2 h6 23. Bxf6 Bxf6 24. Nf1 Qb6 25. Ra2 Rc4 26. Ne3 Rd4 27. Qc1 Rc8 28.
Ned5 Bxd5 29. Nxd5 Qd8 30. c3 Rdc4 31. Bh3 R8c5 32.
Bf1 Rxe4 33. Nxf6+ Qxf6 34. Rxe4 d5 35. Re1 e4 36.
Qe3 Nd7 37. Rxa6 Qf5 38. Bg2 Rb5 39. b4 Ne5 40. Rb6 Nc4 41. Rxb5 Nxe3 42. Rxe3 Qd7 43. Rc5 f5 44. Re1 d4 45. cxd4 Qxd4 46. Rc8+ Kh7 47.
Rb1 e3 48. fxe3 Qxe3+ 49. Kh1 g5 50. b5 f4 51. gxf4 gxf4 52. Rf8 h5 53. b6 h4 54. b7 h3 55. Rh8+ Kg7 56. Rxh3 1-0

[Event "*** Titled Tuesday 3|2 Blitz"]
[Site "Chess.com"]
[Date "2016.10.04"]
[Round "5"]
[White "jncool68"]
[Black "QuintilianoR"]
[Result "1/2-1/2"]
[WhiteElo "2446"]
[BlackElo "2417"]
[TimeControl "180+2"]
[EndTime "12:00:57 PDT"]
[Termination "Game drawn by agreement"]

1. e4 c5 2. Nf3 d6 3. d4 cxd4 4. Nxd4 Nf6 5. Nc3 g6 6. Be2 Bg7 7. Be3 Nc6 8. Qd2 O-O 9. O-O-O Ng4 10. Bxg4 Bxg4 11. f3 Be6 12. Nxe6 fxe6 13. Bh6 Qa5 14. Bxg7 Kxg7 15. h4 h5 16. Kb1 Rac8 17. g4 Rxf3 18. gxh5 Qxh5 19. Rdg1 Ne5 20. Rg5 Qh6 21. Rhg1 Rcf8 22.
b3 Rf1+ 23. Rxf1 Rxf1+ 24. Kb2 Nf3 25. Qg2 Nxg5 26. Qxf1 Qxh4 27. Qc4 Kf7 28. Qd4 a6 29. Qb4 d5 30. Qxb7 Nxe4 31. Qxa6 Nxc3 32. Kxc3 Qf6+ 33. Kb4 Qd4+ 34. c4 g5 35. Qc8 Qd2+ 36. Kb5 Qxa2 37.
Kb4 Qd2+ 38. Kb5 Qc3 39. Ka4 d4 40. Qc6 g4 41. Qe4 g3 42. Qf4+ Ke8 43. Qb8+ Kd7 44.
Qb7+ Kd6 45. Qb8+ Kd7 46. Qb7+ Ke8 47. Qb8+ Kf7 48. Qf4+ Kg6 49. Qg4+ Kf6 50. Qf4+ Kg7 51. Qg4+ Kf8 52. Qf4+ Ke8 53. Qb8+ Kd7 54. Qb7+ Kd6 55. Qb8+ Kc6 56. Qc8+ Kd6 57. Qb8+ Kd7 58. Qb7+ Ke8 59. Qb8+ Kf7 60. Qf4+ Kg6 61. Qg4+ 1/2-1/2

[Event "*** Titled Tuesday 3|2 Blitz"]
[Site "Chess.com"]
[Date "2016.10.04"]
[Round "5"]
[White "Ar4uha"]
[Black "Paralinch"]
[Result "0-1"]
[WhiteElo "2465"]
[BlackElo "2572"]
[TimeControl "180+2"]
[EndTime "12:01:06 PDT"]
[Termination "Paralinch won by resignation"]

1. e4 c6 2. Nc3 d5 3. Qe2 d4 4. Nd1 e5 5. g3 c5 6. d3 Nc6 7. f4 Bd6 8. Bh3 Bxh3 9. Nxh3 Qc7 10.
O-O O-O-O 11. Ndf2 h5 12. f5 f6 13. Bd2 Nge7 14. a3 g5 15. Bxg5 fxg5 16. Nxg5 Rde8 17.
Nfh3 Qd7 18. Ne6 Nd8 19. Nhg5 Nec6 20. b4 h4 21. g4 Rhg8 22. h3 Be7 23. Nxd8 Nxd8 24.
Nf3 Qc7 25. b5 Nf7 26. a4 Bg5 27. a5 Qd6 28. Kh1 Kb8 29. Rfd1 Bf4 30. Qe1 Ng5 31.
Nxg5 Bxg5 32. Qe2 Rc8 33. Rf1 c4 34. a6 cxd3 35. cxd3 b6 36. f6 Bf4 37. Qa2 Rgf8 38. g5 Qd7 39. Rf3 Bxg5 40. Raf1 Bf4 41. Rxf4 0-1

[Event "*** Titled Tuesday 3|2 Blitz"]
[Site "Chess.com"]
[Date "2016.10.04"]
[Round "5"]
[White "sandropozo"]
[Black "keisyzrk"]
[Result "1-0"]
[WhiteElo "2351"]
[BlackElo "2273"]
[TimeControl "180+2"]
[EndTime "12:01:09 PDT"]
[Termination "sandropozo won by resignation"]

1. d4 d5 2. c4 c6 3. Nc3 Nf6 4. Nf3 e6 5. g3 dxc4 6. Bg2 b5 7. Ne5 Qb6 8. O-O Bb7 9. b3 c5 10. Bxb7 Qxb7 11. bxc4 b4 12. Qa4+ Nbd7 13. Rb1 cxd4 14. Nb5 Bc5 15. Rxb4 O-O 16. Nxd7 Qxd7 17. Qb3 Bxb4 18.
Qxb4 a6 19. Nd6 Rfd8 20. c5 e5 21. Bg5 Qe6 22. f4 Nd5 23. Qc4 f6 24. f5 Qxd6 25. cxd6 Rxd6 26. Bd2 Rad8 27. Rc1 h6 28. Ba5 R8d7 29.
Bb4 Rb6 30. Qc8+ Kh7 31. Qxd7 Nxb4 32. Rc7 1-0

[Event "*** Titled Tuesday 3|2 Blitz"]
[Site "Chess.com"]
[Date "2016.10.04"]
[Round "5"]
[White "Mornar1951"]
[Black "tango_argentino"]
[Result "1-0"]
[WhiteElo "2589"]
[BlackElo "2359"]
[TimeControl "180+2"]
[EndTime "12:01:12 PDT"]
[Termination "Mornar1951 won by checkmate"]

1. Nf3 Nf6 2. c4 g6 3. Nc3 Bg7 4. e4 d6 5. d4 O-O 6. Be2 e5 7. O-O Qe8 8. dxe5 dxe5 9. b4 Bg4 10. Be3 Nc6 11. Qb3 Bxf3 12. Bxf3 Nd4 13. Bxd4 exd4 14.
Nd5 Qe5 15. Rfe1 c6 16. Nxf6+ Bxf6 17. Rad1 a5 18. a3 axb4 19. axb4 Ra7 20. b5 c5 21.
b6 Ra5 22. g3 Rfa8 23. Bg2 Ra3 24. Qb5 d3 25. Qd7 Qd4 26. Qxb7 Ra2 27. Rf1 Be5 28.
Qd5 d2 29. Rxd2 Qxd2 30. Qxe5 Rb2 31. Qxc5 Rb8 32. e5 R8xb6 33. Bd5 Rb1 34. Qc7 Kg7 35.
Qxf7+ Kh6 36. Qf8+ Kg5 37. h4+ Kg4 38. Bf3+ Kh3 39. Bg2+ Kg4 40. Qf3# 1-0

[Event "*** Titled Tuesday 3|2 Blitz"]
[Site "Chess.com"]
[Date "2016.10.04"]
[Round "5"]
[White "GMOratovsky"]
[Black "hypert"]
[Result "1-0"]
[WhiteElo "2404"]
[BlackElo "2292"]
[TimeControl "180+2"]
[EndTime "12:01:13 PDT"]
[Termination "GMOratovsky won by resignation"]

1. e4 c5 2. Nf3 Nc6 3. Bb5 e6 4.
Bxc6 bxc6 5. d3 Qc7 6. O-O Ne7 7.
Qe2 Ng6 8. e5 f6 9. exf6 gxf6 10. Nc3 d5 11. Re1 Bd6 12. a3 e5 13. d4 e4 14.
Nxe4 dxe4 15. Qxe4+ Kf7 16. dxc5 Bf4 17. Qc4+ Kg7 18.
Bxf4 Nxf4 19. Re4 Nd5 20. Rae1 Bf5 21. Nd4 Qd7 22. Re7+ Nxe7 23. Rxe7+ Qxe7 24. Nxf5+ Kf8 25. Nxe7 Kxe7 26. Qe4+ Kd7 27. Qd4+ Ke7 28. Qd6+ Kf7 29. Qxc6 Rae8 30. g3 Re1+ 31. Kg2 Rhe8 32. b4 R1e7 33. c4 Rd8 34. Qf3 Rd4 35. c6 Kg7 36. b5 Rxc4 37.
Qd5 Rc2 38. a4 Ree2 39. Qd4 Red2 40. Qxa7+ Kg6 41. c7 h5 42. h4 f5 43. Qb6+ Kf7 44. c8=Q Rxc8 45. Qb7+ 1-0

[Event "*** Titled Tuesday 3|2 Blitz"]
[Site "Chess.com"]
[Date "2016.10.04"]
[Round "5"]
[White "Lali-Rustavi"]
[Black "Mastervlad8"]
[Result "1-0"]
[WhiteElo "1843"]
[BlackElo "2116"]
[TimeControl "180+2"]
[EndTime "12:01:14 PDT"]
[Termination "Lali-Rustavi won on time"]

1. e4 c5 2. Nc3 e6 3. d3 d5 4. Bd2 Nc6 5. g3 Nf6 6. Bg2 g6 7. Nh3 Bg7 8. O-O O-O 9. f4 dxe4 10. dxe4 e5 11. Nd5 exf4 12. Nhxf4 Re8 13. Nxf6+ Bxf6 14. Nd5 Bxb2 15. c3 Bxa1 16. Qxa1 f5 17. exf5 Bxf5 18. Qc1 Re2 19. c4 Nd4 20. Bg5 Qd6 21. Bh6 Rae8 22. Qg5 Rxg2+ 23. Kxg2 Be4+ 24. Kg1 Bxd5 25. cxd5 Nf5 26. Rxf5 c4 27. Rf1 c3 28. Qf6 Qxf6 29. Rxf6 c2 30. Kg2 1-0

[Event "*** Titled Tuesday 3|2 Blitz"]
[Site "Chess.com"]
[Date "2016.10.04"]
[Round "5"]
[White "Wolverine_master"]
[Black "annakantane"]
[Result "1-0"]
[WhiteElo "2054"]
[BlackElo "2215"]
[TimeControl "180+2"]
[EndTime "12:01:20 PDT"]
[Termination "Wolverine_master won by checkmate"]

1. e4 c5 2. Nf3 e6 3. d4 cxd4 4. Nxd4 Nc6 5. Nc3 Qc7 6. Nxc6 bxc6 7. Bd3 Nf6 8. O-O d5 9. Qe2 Be7 10. Bg5 d4 11. e5 dxc3 12. exf6 gxf6 13. Bc1 cxb2 14.
Bxb2 Rb8 15. Bc3 c5 16. Rab1 Bb7 17. Bb5+ Kf8 18. Qh5 Rg8 19. Qh6+ Rg7 20. f3 c4 21. Bxf6 Qc5+ 22. Kh1 Bxf6 23. Qxf6 Bd5 24. Bxc4 Rxb1 25.
Qd8# 1-0

[Event "*** Titled Tuesday 3|2 Blitz"]
[Site "Chess.com"]
[Date "2016.10.04"]
[Round "5"]
[White "RamonManon0g"]
[Black "HovmoellerHest"]
[Result "1-0"]
[WhiteElo "2211"]
[BlackElo "2291"]
[TimeControl "180+2"]
[EndTime "12:01:25 PDT"]
[Termination "RamonManon0g won by resignation"]

1. d4 Nf6 2. c4 e6 3. Nc3 Bb4 4. e3 O-O 5. Ne2 d5 6. a3 Be7 7.
Nf4 a6 8. Be2 dxc4 9. Bxc4 b5 10. Bb3 c5 11. O-O cxd4 12. exd4 Nc6 13. Be3 Qd6 14.
d5 Na5 15. dxe6 Nxb3 16. exf7+ Rxf7 17. Qxb3 g5 18. Rad1 Qc6 19. Nfd5 Be6 20. Nxe7+ Rxe7 21. Qb4 Rg7 22. Rd6 Qe8 23. Bd4 Rg6 24. Re1 Nh5 25. Nd5 Qf7 26. Qc5 Rc8 27. Rc6 Rxc6 28. Ne7+ Qxe7 29. Qxe7 Bf7 30. Qd8+ 1-0

[Event "*** Titled Tuesday 3|2 Blitz"]
[Site "Chess.com"]
[Date "2016.10.04"]
[Round "5"]
[White "stuffings101"]
[Black "macko06"]
[Result "0-1"]
[WhiteElo "2124"]
[BlackElo "2118"]
[TimeControl "180+2"]
[EndTime "12:01:36 PDT"]
[Termination "macko06 won on time"]

1. e4 c5 2. Nf3 Nc6 3. g3 g6 4.
Bg2 Bg7 5. O-O d6 6. Re1 e6 7.
c3 c4 8. Bf1 Na5 9. Na3 Qc7 10.
Nxc4 Nxc4 11. Qa4+ Bd7 12. Qxc4 Qxc4 13. Bxc4 Ne7 14.
d4 O-O 15. Bf4 Nc8 16. a4 b6 17. Ba6 h6 18. Bb7 Rb8 19. Bxc8 Rbxc8 20. Bxd6 Rfd8 21. Be5 f6 22. Bd6 Bc6 23. Bf4 f5 24. Nd2 g5 25.
Be3 Kf7 26. exf5 exf5 27. f3 Bf6 28. Bf2 Re8 29. a5 Rxe1+ 30. Bxe1 b5 31. Bf2 a6 32. Nb3 Bxf3 33. Nc5 Rc6 0-1

[Event "*** Titled Tuesday 3|2 Blitz"]
[Site "Chess.com"]
[Date "2016.10.04"]
[Round "5"]
[White "agser"]
[Black "dawtonlms"]
[Result "1-0"]
[WhiteElo "2488"]
[BlackElo "2156"]
[TimeControl "180+2"]
[EndTime "12:01:40 PDT"]
[Termination "agser won by resignation"]

1. Nf3 Nf6 2. c4 g6 3. Nc3 Bg7 4. e4 d6 5. d4 O-O 6. h3 e5 7. d5 a5 8. g4 Nfd7 9. Be3 Na6 10. Nd2 Ndc5 11. a3 Bd7 12. b3 c6 13. Rb1 cxd5 14.
cxd5 Rc8 15. Nb5 Bxb5 16. Bxb5 Nc7 17. Be2 b5 18. b4 axb4 19. axb4 Na4 20. Rc1 Qd7 21.
Rc6 Na8 22. Bxb5 Nc3 23. Rxc3 Qxb5 24. Qc2 Rxc3 25. Qxc3 Rb8 26. f3 Qxb4 27. Qxb4 Rxb4 28. Ke2 Nb6 29. Rc1 Bf8 30. Rc6 Nd7 31. Nc4 Nb8 32. Rc8 Kg7 33. f4 Nd7 34. Rc7 Rb3 35. Rxd7 1-0

[Event "*** Titled Tuesday 3|2 Blitz"]
[Site "Chess.com"]
[Date "2016.10.04"]
[Round "5"]
[White "CheckThis4"]
[Black "Hieronymus00"]
[Result "1-0"]
[WhiteElo "2341"]
[BlackElo "2161"]
[TimeControl "180+2"]
[EndTime "12:01:40 PDT"]
[Termination "CheckThis4 won by resignation"]

1. d4 Nf6 2. Nf3 g6 3. Nc3 Bg7 4.
e4 d6 5. Be3 O-O 6. Qd2 Nc6 7.
d5 Ne5 8. Nxe5 dxe5 9. f3 e6 10.
O-O-O Qe7 11. d6 cxd6 12. Qxd6 Qxd6 13. Rxd6 Bd7 14. Bb5 Bxb5 15. Nxb5 a6 16. Nc3 Rfd8 17. Rhd1 Rxd6 18. Rxd6 Rc8 19. Na4 Kf8 20. Nc5 Ke7 21. Rb6 Rc7 22. Rxb7 Rxb7 23. Nxb7 Nd7 24. Nc5 Nxc5 25.
Bxc5+ Kd7 26. c4 Kc6 27. Be3 f5 28. Kc2 Bf6 29. b4 g5 30. h3 h5 31. g4 f4 32. Bf2 hxg4 33. hxg4 Be7 34. Kb3 Kb7 35.
a4 Kc6 36. b5+ axb5 37. cxb5+ Kb7 38. a5 Bd6 39. a6+ Ka8 40. b6 Kb8 41. Kc4 Ka8 42.
Kb5 Kb8 43. Kc6 1-0

[Event "*** Titled Tuesday 3|2 Blitz"]
[Site "Chess.com"]
[Date "2016.10.04"]
[Round "5"]
[White "David_Klein"]
[Black "Noukii"]
[Result "0-1"]
[WhiteElo "2390"]
[BlackElo "2617"]
[TimeControl "180+2"]
[EndTime "12:01:42 PDT"]
[Termination "Noukii won by resignation"]

1. e4 Nf6 2. e5 Nd5 3. d4 d6 4.
Nf3 g6 5. h3 Bg7 6. Bc4 Nb6 7.
Bb3 O-O 8. O-O Nc6 9. exd6 cxd6 10. Re1 h6 11. Bf4 e5 12. Bg3 Bf5 13. c3 Re8 14. Nh4 Qg5 15. Nd2 exd4 16. Rxe8+ Rxe8 17. Ndf3 Qf6 18. cxd4 Be4 19. Nh2 Nxd4 20. Ng4 Qg5 21. f4 Qe7 22. Nxh6+ Bxh6 23. Qxd4 Bg7 24. Qf2 Qf6 25.
Rd1 d5 26. Rd2 Nc4 27. Bxc4 dxc4 28. Kh2 a6 29. Nf3 Qe6 30. Ng5 Qc6 31. f5 Bxf5 32. Rd6 Qb5 33. Rb6 Qd7 34. Qf3 Qd8 35. Nxf7 Qxb6 36.
Ng5 Qc6 0-1

[Event "*** Titled Tuesday 3|2 Blitz"]
[Site "Chess.com"]
[Date "2016.10.04"]
[Round "5"]
[White "pedromartinez91"]
[Black "Dale"]
[Result "0-1"]
[WhiteElo "2353"]
[BlackElo "2090"]
[TimeControl "180+2"]
[EndTime "12:01:59 PDT"]
[Termination "Dale won by checkmate"]

1. Nf3 Nf6 2. g3 g6 3. Bg2 Bg7 4. O-O O-O 5. d4 Nc6 6. c4 d5 7.
cxd5 Nxd5 8. Nc3 Nxc3 9. bxc3 Bf5 10. Nd2 Qd7 11. Qb3 b6 12. Qa4 Nxd4 13. Qd1 Nc6 14. Qa4 Nd4 15. Qd1 Rad8 16. e4 Bg4 17. f3 Nb5 18. fxg4 Bxc3 19. Rb1 Bxd2 20. Bxd2 Qd4+ 21. Kh1 Na3 22. Rb4 Qxd2 23. Qb3 Nc2 24. Rc4 Nd4 25. Qb1 c5 26. Ra4 Rd7 27. e5 e6 28. Ra3 Qe2 29.
Re1 Qxg4 30. Rae3 Qf5 31. Qc1 Qg5 32. h4 Qg4 33. Rf1 Nf5 34. Ree1 Nxg3+ 35. Kh2 Qxh4+ 36. Kg1 Nxf1 37. Rxf1 Qd4+ 38. Rf2 Qd1+ 39. Qxd1 Rxd1+ 40. Kh2 Rfd8 41. Kg3 R1d2 42. Rf1 Rxa2 43. Be4 Rd4 44. Bf3 Rd3 45. Kf4 Ra4+ 46. Kg5 Rad4 47. Bc6 Kg7 48. Be8 h6# 0-1

[Event "*** Titled Tuesday 3|2 Blitz"]
[Site "Chess.com"]
[Date "2016.10.04"]
[Round "5"]
[White "Malev212"]
[Black "NTBT_DHS"]
[Result "1-0"]
[WhiteElo "2329"]
[BlackElo "2444"]
[TimeControl "180+2"]
[EndTime "12:02:00 PDT"]
[Termination "Malev212 won by resignation"]

1. e4 g6 2. Nc3 Bg7 3. h4 Nc6 4. h5 d6 5. Bc4 Nd4 6. d3 a6 7. a3 e6 8. Be3 c5 9. Nf3 Ne7 10. h6 Bf6 11. Qd2 Nec6 12. Nh2 O-O 13. Ba2 b5 14. O-O Bb7 15. f4 Bh8 16. Qf2 b4 17.
axb4 Nxb4 18. Bb1 f5 19. Na4 fxe4 20. c3 Nd5 21. dxe4 Nxe3 22. Qxe3 Qh4 23. Kh1 Nb3 24. Ba2 c4 25. Rad1 Qxh6 26. Nb6 Be5 27. g3 Nc5 28. Bb1 Rad8 29. Kg2 Nd3 30. Nxc4 Nxf4+ 31. gxf4 Bxf4 32. Qh3 Qg5+ 33. Qg4 Qh6 34. Nf3 Rf6 35. Rh1 Qg7 36. e5 Rf7 37. Nxd6 Rxd6 38. Rxd6 h5 39. Rd8+ Rf8 40.
Qxe6+ Kh7 41. Rxh5+ Bh6 42. Rxf8 Qxf8 43. Qxg6+ 1-0

[Event "*** Titled Tuesday 3|2 Blitz"]
[Site "Chess.com"]
[Date "2016.10.04"]
[Round "5"]
[White "biostatistician"]
[Black "kikydu96"]
[Result "1-0"]
[WhiteElo "2439"]
[BlackElo "2295"]
[TimeControl "180+2"]
[EndTime "12:02:01 PDT"]
[Termination "biostatistician won by resignation"]

1. d4 d5 2. Nf3 Nf6 3. c4 c6 4.
cxd5 cxd5 5. Nc3 Nc6 6. Bf4 Bf5 7. e3 e6 8. Qb3 Bb4 9. Bb5 O-O 10. O-O Be7 11. Rfc1 Na5 12. Qd1 a6 13. Be2 b5 14.
Ne5 Rc8 15. a4 b4 16. Na2 Qb6 17. Rxc8 Rxc8 18. Rc1 Rxc1 19. Qxc1 Qb7 20. h3 h6 21. Qf1 g5 22. Bh2 Bc2 23. Bxa6 Qb6 24. Bb5 Nb7 25. Qe2 Bb1 26. Nc1 Nd6 27. Nb3 Nfe4 28. Qd1 Nxb5 29.
Qxb1 Nbd6 30. Qc2 f6 31. Nd7 Qa7 32. Nbc5 Nxc5 33. Qg6+ Kh8 34. Qxh6+ Kg8 35. Qg6+ Kh8 36. Nxc5 Nf5 37. Nxe6 Qxa4 38. Bc7 Qd1+ 39. Kh2 1-0

[Event "*** Titled Tuesday 3|2 Blitz"]
[Site "Chess.com"]
[Date "2016.10.04"]
[Round "5"]
[White "bugsbunny444"]
[Black "Tash_Boy"]
[Result "0-1"]
[WhiteElo "2331"]
[BlackElo "2449"]
[TimeControl "180+2"]
[EndTime "12:02:02 PDT"]
[Termination "Tash_Boy won by resignation"]

1. Nf3 Nf6 2. c4 g6 3. b4 Bg7 4. Bb2 O-O 5. g3 d6 6. Bg2 e5 7. O-O a5 8. b5 Nbd7 9. d3 Nc5 10. Nc3 Be6 11. Nd2 Qd7 12. Ba3 Rab8 13. Bxc5 dxc5 14. Rb1 b6 15. Nde4 Bh3 16. Nxf6+ Bxf6 17. Nd5 Bg7 18.
Bxh3 Qxh3 19. Nxc7 f5 20. e4 f4 21. Qf3 g5 22.
Qg2 Qd7 23. Nd5 f3 24. Qh1 Qh3 25. Rfe1 g4 26. Rbd1 Kh8 27. a4 Rfe8 28. Ne3 Rbd8 29. Nd5 Re6 30. Re3 Rf8 31. Ree1 Bh6 32. Nc7 Rg6 33.
Nd5 Bg5 34. Rf1 Rh6 35. Rfe1 Re8 36. Rf1 Ree6 37. Rfe1 Rh5 38. Ne3 Bxe3 39. fxe3 Reh6 40. Rd2 Qxg3+ 41. Kf1 Rxh2 42. Rxh2 Rxh2 43. Qg1 Qh3+ 0-1